 Dungeon Crawl Stone Soup version 0.28.0-53-g5a82cb258f (webtiles) character file.

Game seed: 15749558535723876634

107 ZappyNine the Ruffian (level 4, -5/35 HPs)
             Began as a Barachi Transmuter on May 23, 2022.
             Slain by an orc priest
             ... wielding a +0 flail
              (9 damage)
             ... on level 3 of the Dungeon.
             The game lasted 00:03:42 (4043 turns).

ZappyNine the Ruffian (Barachi Transmuter)          Turns: 4043, Time: 00:03:43

Health: -5/35      AC:  2    Str: 13    XL:     4   Next: 85%
Magic:  5/7        EV: 12    Int: 14    God:
Gold:   117        SH:  0    Dex: 12    Spells: 2/8 levels left

rFire   . . .      SeeInvis .   f - +2 dagger (pain)
rCold   . . .      Faith    .   (no shield)
rNeg    . . .      Spirit   .   a - +0 robe
rPois   .          Reflect  .   (no helmet)
rElec   .          Harm     .   (no cloak)
rCorr   .          Rampage  .   (no gloves)
Will    .....                   (no boots)
Stlth   +.........              (no amulet)
HPRegen 0.11/turn               (no ring)
MPRegen 0.10/turn               (no ring)

@: wereblooded (expiring), slow
A: amphibious, slowness 1, strong legs 1, +LOS
a: Hop


You were on level 3 of the Dungeon.
You visited 1 branch of the dungeon, and saw 3 of its levels.

You collected 117 gold pieces.

Inventory:

Hand Weapons
 f - a +2 dagger of pain (weapon)
Armour
 a - a +0 robe (worn)
Wands
 g - a wand of acid (17)
Scrolls
 c - a scroll of blinking {unknown}
 e - a scroll of magic mapping {unknown}
 h - 2 scrolls of teleportation {unknown}
 j - a scroll of holy word {unknown}
Potions
 b - a potion of curing {unknown}
 d - a potion of flight {unknown}
 i - a potion of heal wounds {unknown}
 k - a potion of mutation {unknown}


   Skills:
 + Level 3.1 Fighting
 + Level 2.2 Dodging
 * Level 4.3 Unarmed Combat
 + Level 2.5 Spellcasting
 - Level 2.5 Transmutations
 - Level 1.6 Poison Magic


You had 2 spell levels left.
You knew the following spells:

 Your Spells              Type           Power      Damage    Failure   Level
a - Beastly Appendage     Tmut           16%        N/A       8%          1
b - Wereblood             Tmut           8%         N/A       12%         2
c - Spider Form           Tmut/Pois      7%         N/A       28%         3

Your spell library contained the following spells:

 Spells                   Type           Power      Damage    Failure   Level
 Ice Form                 Ice/Tmut       5%         N/A       78%         4


Dungeon Overview and Level Annotations

Branches:
Dungeon (3/15)

Altars:
Cheibriados
Vehumet

Shops:
D:1 =

Annotations:
D:3 1 runed translucent door, Crazy Yiuf


Innate Abilities, Weirdness & Mutations

You are amphibious.
You cover ground slowly.
You can hop short distances.
You have an extended range of vision and can be seen from far away.


Message History

Your magical contamination has completely faded away.
You closely miss the orc.
The orc is heavily wounded.
The orc closely misses you. The orc barely misses you. x2
Unknown command.
You puncture the orc!
You feel a bit better.
You kill the orc!
You howl as the wereblood boils in your veins!
The orc barely misses you.
You hit the orc but do no damage. The orc closely misses you.
The orc barely misses you.
You hit the orc priest.
The orc priest is moderately wounded.
The orc priest barely misses you. The orc misses you.
The orc hits you with a +0 whip.
You hit the orc priest but do no damage.
The orc priest is moderately wounded.
The orc priest hits you with a +0 flail.
The orc misses you. The orc hits you with a +0 whip.
You hit the orc priest but do no damage.
The orc priest is moderately wounded.
The orc priest closely misses you. The orc completely misses you.
The orc hits you with a +0 whip.
You barely miss the orc priest.
The orc priest is moderately wounded.
The orc priest hits you with a +0 flail.
* * * LOW HITPOINT WARNING * * *
The orc completely misses you. The orc barely misses you.
Unknown command.
You hit the orc priest but do no damage.
The orc priest is moderately wounded.
Your primal bloodlust is almost over.
The orc priest barely misses you. The orc misses you.
The orc hits you with a +0 whip.
* * * LOW HITPOINT WARNING * * *
Unknown command.
You hit the orc priest but do no damage.
The orc priest is moderately wounded.
The orc priest hits you with a +0 flail!
You die...

..# #.# #.# ## #.#
.. # #.# . #.#.
#.# #..#...#####
#.#
........ooo###.#
#.......#@....#
#.8..o8.#.##.##
#.....oo#.#...####
#......o#.(......+
#.......#.#...####
#.8...8.#.##.##
#.......#.####
##.....##.#
##$⌠$###.##### #+#


You could see an orc priest and 2 orcs.

Vanquished Creatures
  3 adders
  4 orcs
  10 endoplasms
  A giant cockroach (D:1)
  4 goblins
  5 hobgoblins
  14 jackals
  5 quokkas
  4 ball pythons
  3 bats
  A frilled lizard (D:3)
  4 kobolds
  7 rats
65 creatures vanquished.

Notes
Turn   | Place    | Note
-------+----------+-------------------------------------------
     0 | D:1      | ZappyNine the Barachi Transmuter began the quest for the
                  | Orb.
     0 | D:1      | Reached XP level 1. HP: 15/15 MP: 3/3
   368 | D:1      | Reached XP level 2. HP: 18/22 MP: 5/5
   519 | D:1      | Learned a level 2 spell: Wereblood
   856 | D:1      | Reached XP level 3. HP: 28/28 MP: 1/6
   859 | D:1      | Reached skill level 4 in Unarmed Combat
  1212 | D:1      | Found a faded altar of an unknown god.
  1546 | D:1      | Found Saylal's Jewellery Shoppe.
  1864 | D:2      | Learned a level 3 spell: Spider Form
  2292 | D:2      | Found a radiant altar of Vehumet.
  2712 | D:2      | Reached XP level 4. HP: 19/35 MP: 7/7
  3000 | D:2      | Reached skill level 1 in Poison Magic
  3797 | D:3      | Found a snail-covered altar of Cheibriados.
  3853 | D:3      | Found a runed translucent door.
  3854 | D:3      | Noticed Crazy Yiuf
  4043 | D:3      | Slain by an orc priest

Illustrated notes

Levels and vault maps discovered:
D:1:      dpeg_arrival_pond, layout_basic,
          hellmonk_ecumenical_altar_arch_garden, serial_shops,
          nicolae_lakefront_shop, minmay_close_crescents
D:2:      layout_loops_cross, basic_altar, minivault_19
D:3:      cheibrodos_pilgrimage, layout_loops_corners, cheibriados_altar_1,
          uniq_crazy_yiuf_cottage

Skill      XL: |  1  2  3  4 |
---------------+-------------+-----
Fighting       | 2 3 |  3.1
Unarmed Combat | 4 |  4.3
Poison Magic   | 1 |  1.6
Dodging        | |  2.2
Spellcasting   | |  2.5
Transmutations | |  2.5

Action                   |  1- 3 |  4- 6 || total
-------------------------+-------+-------++-------
Melee: Unarmed           |    92 |       ||    92
       Kick              |    16 |    11 ||    27
       Headbutt          |     6 |     3 ||     9
       Dagger            |    45 |    72 ||   117
       Punch             |     3 |       ||     3
 Cast: Beastly Appendage |    13 |     4 ||    17
       Wereblood         |     7 |     4 ||    11
 Stab: Sleeping          |     1 |       ||     1
Armor: Robe              |    15 |    12 ||    27
Dodge: Dodged            |    85 |    81 ||   166
